AoeStats
← NPG | FishCL

Fortress

507138481Analyzed
4v4 RM · 15d ago on Sep 16, 2026· 40m 22s· 8 players
Game mode
Random Map
Map size
Huge
Population
200
Speed
Normal
Resources
Standard
Victory
Conquest
Starting age
Dark Age
Ending age
Imperial Age
RankedLock teamsTeams togetherTeam positionsShared explorationLock speedFull tech treeHidden civsTurbo modeCheats
Victory
Defeat
🇨🇳 Bohemians · China
1625
+14
🇨🇳 Hindustanis · China
1541
+18
🇹🇼 Vietnamese · Taiwan
1499
+19
🇨🇳 Spanish · China
1418
+23
🇨🇱 Mongols · Chile
1646
-21
🇨🇳 Spanish · China
1579
-19
🇨🇱 Hindustanis · Chile
1576
-19
🇧🇷 Khmer · Brazil
1500
-15
NPG | FishCL
6:45 Feudal Age
10:49 Castle Age
8:57 Double-Bit Axe
9:29 Horse Collar
10:31 Loom
11:43 Bow Saw
16:00 Gold Mining
17:28 Fletching
19:45 Wheelbarrow
19:16 Bodkin Arrow
19:53 Padded Archer Armor
20:17 Gold Mining
20:36 Heavy Plow
23:28 Bloodlines
26:59 Imperial Age
25:05 Ballistics
24:50 Husbandry
24:56 Stone Mining
25:43 Gold Shaft Mining
25:59 Leather Archer Armor
26:40 Heavy Plow
26:56 Thumb Ring
27:44 Bracer
28:45 Chemistry
28:21 Conscription
27:57 Capped Ram
30:03 Parthian Tactics
30:24 Masonry
32:08 Siege Ram
32:10 Elite Mangudai
38:05 Scale Barding Armor
38:10 Forging
BruToO
8:34 Feudal Age
11:41 Castle Age
9:44 Double-Bit Axe
10:28 Horse Collar
15:05 Bow Saw
18:39 Heavy Plow
19:40 Gold Mining
20:51 Wheelbarrow
21:55 Gold Shaft Mining
21:24 Loom
22:10 Hand Cart
26:11 Imperial Age
25:12 Scale Barding Armor
26:03 Tusk Swords
26:25 Chain Barding Armor
26:42 Husbandry
26:52 Bloodlines
26:16 Elite Battle Elephant
27:08 Forging
28:17 Plate Barding Armor
28:10 Conscription
29:58 Iron Casting
31:52 Blast Furnace
AiM | PoRRo
7:34 Feudal Age
11:32 Castle Age
9:32 Double-Bit Axe
9:49 Horse Collar
12:32 Loom
13:43 Bow Saw
18:37 Scale Mail Armor
23:19 Wheelbarrow
26:09 Imperial Age
25:11 Chain Mail Armor
24:57 Squires
26:23 Hand Cart
26:14 Elite Ghulam
27:15 Conscription
27:08 Forging
29:04 Iron Casting
28:43 Siege Elephant
34:18 Blast Furnace
34:35 Fletching
Bz_青红
7:39 Feudal Age
11:11 Castle Age
9:20 Double-Bit Axe
9:19 Horse Collar
14:28 Padded Archer Armor
15:28 Leather Archer Armor
19:00 Bloodlines
21:42 Loom
25:48 Fortified Wall
jueaadjx
9:21 Feudal Age
7:43 Loom
13:39 Castle Age
13:04 Double-Bit Axe
16:15 Bow Saw
16:11 Pikeman
25:18 Horse Collar
26:28 Wheelbarrow
25:39 Town Watch
29:52 Imperial Age
28:21 Hand Cart
30:28 Forging
30:18 Scale Mail Armor
30:09 Fletching
30:19 Padded Archer Armor
30:25 Scale Barding Armor
30:39 Heavy Plow
31:41 Two-Man Saw
32:55 Caravan
32:30 Elite Rattan Archer
34:24 Bloodlines
34:42 Elite Battle Elephant
35:23 Husbandry
38:28 Iron Casting
38:13 Chain Barding Armor
40:58 Crop Rotation
XinHai
7:40 Feudal Age
11:40 Castle Age
10:11 Double-Bit Axe
10:22 Horse Collar
20:52 Bow Saw
22:02 Heavy Plow
22:46 Wheelbarrow
23:55 Gold Mining
23:57 Stone Mining
24:27 Padded Archer Armor
24:37 Forging
27:16 Imperial Age
25:58 Forging
25:53 Scale Barding Armor
27:19 Bloodlines
27:09 Husbandry
26:31 Light Cavalry
27:49 Iron Casting
28:08 Stone Shaft Mining
28:29 Hussar
30:12 Blast Furnace
29:33 Chain Barding Armor
29:48 Conscription
29:54 Padded Archer Armor
33:48 Hand Cart
33:19 Loom
33:20 Town Watch
33:26 Loom
34:30 Elite Conquistador
35:03 Elite Skirmisher
36:17 Thumb Ring
37:55 Hoardings
抖音KK
6:41 Feudal Age
10:43 Castle Age
8:39 Double-Bit Axe
9:13 Horse Collar
11:40 Bow Saw
18:08 Wheelbarrow
18:30 Gold Mining
19:00 Heavy Plow
20:12 Hand Cart
23:43 Imperial Age
21:11 Loom
21:40 Grand Trunk Road
22:23 Gold Shaft Mining
22:39 Scale Barding Armor
22:45 Forging
22:47 Bloodlines
22:37 Husbandry
23:44 Chain Barding Armor
24:48 Conscription
23:55 Heavy Camel Rider
26:16 Plate Barding Armor
27:23 Chemistry
27:00 Iron Casting
26:52 Imperial Camel Rider
28:30 Coinage
30:06 Banking
30:37 Blast Furnace
34:02 Fletching
34:23 Masonry
39:35 Ballistics
40:08 Bodkin Arrow
zymini
7:22 Feudal Age
8:46 Double-Bit Axe
11:05 Castle Age
8:53 Horse Collar
12:15 Bow Saw
16:56 Chemistry
24:20 Padded Archer Armor
33:55 Imperial Age
34:00 Leather Archer Armor
34:05 Houfnice
35:24 Conscription
38:50 Ring Archer Armor
Connection lost

Rejoining the realm…

Still unreachable

The connection could not be restored.

Session expired

The server has moved on; the page needs a fresh start.